 Dungeon Crawl Stone Soup version 0.28.0-45-g0d030f2227 (webtiles) character file.

Game seed: 1804276407094552575

1626 nickcage the Basher (level 8, -14/64 HPs)
             Began as a Minotaur Abyssal Knight on Apr 12, 2022.
             Was a Priest of Lugonu.
             Demolished by a gnoll
             ... wielding a +1 spear of distortion
              (21 damage)
             ... on level 6 of the Dungeon.
             The game lasted 00:08:58 (5715 turns).

nickcage the Basher (Minotaur Abyssal Knight)       Turns: 5715, Time: 00:09:00

Health: -14/64     AC: 13    Str: 20    XL:     8   Next: 65%
Magic:  8/8        EV:  6    Int:  7    God:    Lugonu [***...]
Gold:   248        SH:  0    Dex: 11    Spells: 7/7 levels left

rFire   . . .      SeeInvis .   q - +3 flail
rCold   . . .      Faith    .   (no shield)
rNeg    . . .      Spirit   .   y - +0 plate armour
rPois   .          Reflect  .   (helmet restricted)
rElec   .          Harm     .   (no cloak)
rCorr   .          Rampage  .   (no gloves)
Will    .....                   t - +0 pair of boots
Stlth   ..........              k - amulet of the acrobat
HPRegen 0.20/turn               (no ring)
MPRegen 0.11/turn               (no ring)

@: no status effects
A: horns 2, retaliatory headbutt
a: Renounce Religion, Depart the Abyss, Bend Space, Banish


You were on level 6 of the Dungeon.
You worshipped Lugonu.
Lugonu was most pleased with you.
You visited 1 branch of the dungeon, and saw 6 of its levels.
You visited the Abyss 1 time.

You collected 248 gold pieces.

Inventory:

Hand Weapons
 a - a +1 mace
 g - a +2 whip of electrocution
 q - a +3 flail (weapon)
Missiles
 r - 2 throwing nets
Armour
 b - a +0 leather armour
 o - a +0 ring mail
 t - a +0 pair of boots (worn)
 x - a +0 chain mail
 y - a +0 plate armour (worn)
Jewellery
 k - an amulet of the acrobat (around neck)
 s - an amulet of reflection
Wands
 v - a wand of digging (4)
Scrolls
 d - 4 scrolls of identify {unknown}
 f - a scroll of immolation {unknown}
 h - a scroll of teleportation {unknown}
 j - a scroll of enchant armour {unknown}
 n - a scroll of magic mapping {unknown}
Potions
 c - 4 potions of curing {unknown}
 e - a potion of degeneration {unknown}
 i - 2 potions of attraction {unknown}
 l - 2 potions of haste {unknown}
 m - a potion of resistance {unknown}
 p - a potion of invisibility {unknown}
 u - a potion of brilliance {unknown}
 w - a potion of cancellation {unknown}
 z - a potion of flight {unknown}
 A - 2 potions of magic {unknown}


   Skills:
 - Level 3.6 Fighting
 + Level 12.6 Maces & Flails
 + Level 4.5 Armour
 - Level 1.1 Dodging
 - Level 1.7 Invocations


You had 7 spell levels left.
You didn't know any spells.
Your spell library contained the following spells:

 Spells                   Type           Power      Damage    Failure   Level
 Conjure Flame            Conj/Fire      0%         6-21      100%        3
 Ignite Poison            Fire/Tmut/Pois 0%         N/A       100%        3
 Sticky Flame             Conj/Fire      0%         2d3       100%        4
 Summon Forest            Summ/Tloc      0%         N/A       100%        5
 Summon Mana Viper        Hex/Summ       0%         N/A       100%        5
 Summon Cactus Giant      Summ           0%         N/A       100%        6


Dungeon Overview and Level Annotations

Branches:
Dungeon (6/15)             Temple (0/1) D:5

Altars:
Ru


Innate Abilities, Weirdness & Mutations

You have a pair of horns on your head.
You reflexively headbutt those who attack you in melee.


Message History

The gnoll sergeant is almost dead.
The bullfrog zombie hits you.
The howler monkey zombie closely misses you.
The gnoll sergeant hits you but does no damage.
The gnoll hits you but does no damage.
You barely miss the gnoll sergeant.
The gnoll sergeant is almost dead.
The bullfrog zombie hits you but does no damage.
The howler monkey zombie hits you.
You hit the gnoll sergeant.
You kill the gnoll sergeant!
Lugonu accepts your kill.
The gnoll hits you from afar with a +1 spear of distortion.
You blink.
The bullfrog zombie misses you.
The bullfrog zombie hits you but does no damage.
The howler monkey zombie closely misses you.
You sock the howler monkey zombie!
The howler monkey zombie is heavily damaged.
The gnoll hits you but does no damage. Space warps around you.
The bullfrog zombie hits you but does no damage.
You hit the howler monkey zombie.
The howler monkey zombie is severely damaged.
The howler monkey zombie hits you. The gnoll hits you but does no damage.
Space warps horribly around you!
* * * LOW HITPOINT WARNING * * *
The bullfrog zombie hits you but does no damage.
The howler monkey zombie misses you.
The gnoll hits you with a +1 spear of distortion.
* * * LOW HITPOINT WARNING * * *
Space warps around you.
* * * LOW HITPOINT WARNING * * *
You barely miss the gnoll. Your headbutt misses the gnoll.
The howler monkey zombie completely misses you.
You furiously retaliate!
You headbutt the howler monkey zombie.
The bullfrog zombie hits you but does no damage.
The gnoll hits you with a +1 spear of distortion.
* * * LOW HITPOINT WARNING * * *
Space warps horribly around you!!
You die...

.... .##....#....... .
... ...##..........
..##.##.##..........
.......<##.........
........)........)## .
......#.....##.....##
.....##....)..####....#
.... #.#g......#)...##
.... #.#Z@...........#
.....##..Z.##..##....##
...............#..####
....#.....#.#.....# ...
#..#..#.......##
##..#.^........##
.####..##......# ...
#####.....## ...
##..#.#


You could see a gnoll, a bullfrog zombie and a howler monkey zombie.

Vanquished Creatures
  Grinder (D:4)
  Menkaure (D:4)
  A sky beast (D:5)
  2 black bears (D:5)
  3 phantoms
  A gnoll sergeant (D:6)
  A water moccasin skeleton (D:5)
  A bullfrog zombie (D:5)
  A centaur zombie (D:5)
  A jelly (D:5)
  4 hounds
  3 orc priests (D:4)
  A bullfrog skeleton (D:5)
  An iguana (D:5)
  Natasha (thrice) (D:4)
  2 orc wizards (D:4)
  A hound zombie (D:5)
  3 hound skeletons
  3 adders
  8 gnolls
  A shadow imp (D:5)
  A dart slug (D:1)
  5 orcs
  4 bats
  7 endoplasms
  2 giant cockroaches
  4 goblins
  7 hobgoblins
  5 jackals (D:2)
  2 quokkas
  6 ball pythons
  4 frilled lizards
  5 kobolds
  6 rats
101 creatures vanquished.

Notes
Turn   | Place    | Note
-------+----------+-------------------------------------------
     0 | Abyss:1  | nickcage the Minotaur Abyssal Knight began the quest for
                  | the Orb.
     0 | Abyss:1  | Reached XP level 1. HP: 19/19 MP: 1/1
    59 | Abyss:1  | Noticed an orange demon
    60 | D:1      | Escaped the Abyss
   378 | D:1      | Reached skill level 3 in Maces & Flails
   446 | D:1      | Reached * piety under Lugonu
   447 | D:1      | Reached XP level 2. HP: 26/26 MP: 2/2
   875 | D:2      | Reached skill level 4 in Maces & Flails
   969 | D:2      | Reached XP level 3. HP: 16/31 MP: 3/3
  1618 | D:3      | Reached skill level 5 in Maces & Flails
  1714 | D:3      | Reached XP level 4. HP: 32/39 MP: 4/4
  1802 | D:3      | Found a sacrificial altar of Ru.
  1820 | D:3      | Reached ** piety under Lugonu
  2437 | D:4      | Noticed Menkaure
  2444 | D:4      | Killed Menkaure
  2445 | D:4      | Reached skill level 7 in Maces & Flails
  2445 | D:4      | Reached XP level 5. HP: 23/45 MP: 5/5
  2448 | D:4      | Noticed a phantom
  2624 | D:4      | Noticed Natasha
  2631 | D:4      | Killed Natasha
  2791 | D:3      | Reached XP level 6. HP: 16/51 MP: 6/6
  3243 | D:4      | Noticed Natasha
  3252 | D:4      | Killed Natasha
  3253 | D:4      | Reached skill level 8 in Maces & Flails
  3542 | D:4      | Reached skill level 9 in Maces & Flails
  3542 | D:4      | Reached XP level 7. HP: 41/57 MP: 7/7
  3958 | D:4      | Noticed Natasha
  4139 | D:4      | Killed Natasha
  4165 | D:4      | Noticed Grinder
  4182 | D:4      | Killed Grinder
  4183 | D:4      | Reached skill level 10 in Maces & Flails
  4660 | D:5      | Entered Level 5 of the Dungeon
  4704 | D:5      | Reached skill level 11 in Maces & Flails
  4785 | D:5      | Reached XP level 8. HP: 57/64 MP: 8/8
  4959 | D:5      | Reached *** piety under Lugonu
  4992 | D:5      | Reached skill level 12 in Maces & Flails
  5320 | D:5      | Found a staircase to the Ecumenical Temple.
  5715 | D:6      | Demolished by a gnoll

Illustrated notes

Levels and vault maps discovered:
D:1:      sevenhm_arrival_forest_fort_large_3, layout_basic,
          kennysheep_pointless_box
D:2:      minmay_wonky_spiral, layout_rooms, hangedman_decor_riveting
D:3:      layout_basic, nicolae_ru_sacrificial_ziggurat,
          kennysheep_generic_room_4
D:4:      layout_rooms, uniq_grinder, uniq_menkaure, uniq_natasha
D:5:      layout_cave_pools, minmay_temple_entry_nine_rooms
D:6:      layout_cave_pools, okawaru_ov_weapons_minmay, elyvilon_altar_4,
          mainiacjoe_overflow_catwalk

Skill      XL: |  1  2  3  4  5  6  7  8 |
---------------+-------------------------+-----
Maces & Flails | 3 4 5 7 9 11 12 | 12.6
Armour         | 4 |  4.5
Fighting       | |  3.6
Dodging        | |  1.1
Invocations    | |  1.7

Action                   |  1- 3 |  4- 6 |  7- 9 || total
-------------------------+-------+-------+-------++-------
Melee: Mace              |    15 |       |       ||    15
       Headbutt          |     9 |    10 |    22 ||    41
       Whip              |    56 |    46 |       ||   102
       Flail             |       |    31 |   120 ||   151
       Punch             |       |     2 |     1 ||     3
Invok: Depart the Abyss  |     1 |       |       ||     1
Armor: Leather armour    |    26 |       |       ||    26
       Ring mail         |       |    12 |    10 ||    22
       Chain mail        |       |       |    21 ||    21
       Plate armour      |       |       |    42 ||    42
Dodge: Dodged            |    42 |    63 |    81 ||   186
